 Dungeon Crawl Stone Soup version 0.24.0-123-gd5b16e6ec5 (webtiles) character file.

Game seed: 8073347677906335910, levelgen mode: deterministic

475 FishyPogo the Cutter (level 6, -2/47 HPs)
             Began as a Demonspawn Gladiator on Jan 5, 2020.
             Was a Believer of Trog.
             Slain by Menkaure (9 damage)
             ... on level 4 of the Dungeon.
             The game lasted 00:09:32 (3503 turns).

FishyPogo the Cutter (Demonspawn Gladiator)         Turns: 3503, Time: 00:09:32

Health: -2/47      AC:  4    Str: 17      XL:     6   Next: 84%
Magic:  6/6        EV: 13    Int:  8 (9)  God:    Trog [**....]
Gold:   181        SH:  0    Dex: 14      Spells: 5/5 levels left

rFire    + . .     SeeInvis .   a - +0 short sword (speed)
rCold    . . .     Gourm    .   (no shield)
rNeg     + . .     Faith    .   b - +0 leather armour
rPois    .         Spirit   .   c - +0 helmet
rElec    .         Reflect  .   (no cloak)
rCorr    .         Harm     .   (no gloves)
MR       .....                  (no boots)
Stlth    +.........             (no amulet)
HPRegen  0.15/turn              g - ring of positive energy
MPRegen  0.10/turn              (no ring)

@: about to teleport, berserk cooldown, slowed, very slow
A: claws 1, fire resistance 1, powered by pain 1, flame cloud immunity
a: Berserk, Trog's Hand, Renounce Religion


You were on level 4 of the Dungeon.
You worshipped Trog.
Trog was pleased with you.
You were hungry.

You visited 1 branch of the dungeon, and saw 4 of its levels.

You collected 181 gold pieces.

Inventory:

Hand Weapons
 a - a +0 short sword of speed (weapon)
Missiles
 d - 3 throwing nets
 h - 81 stones (quivered)
 k - 3 boomerangs
 v - 8 atropa-tipped darts
Armour
 b - a +0 leather armour (worn)
 c - a +0 helmet (worn)
 o - a +0 shield
Jewellery
 g - a ring of positive energy (left claw)
Wands
 r - a wand of digging (7)
 u - a wand of flame (21)
Scrolls
 e - 3 scrolls of identify
 i - a scroll of enchant weapon
 l - 3 scrolls of remove curse
Comestibles
 f - 7 rations
 s - a chunk of flesh


   Skills:
 + Level 3.5 Fighting
 * Level 4.1 Short Blades
 - Level 2.0 Throwing
 * Level 3.8 Armour
 + Level 3.8 Dodging


You had 5 spell levels left.
You didn't know any spells.
Your spell library contained the following spells:

 Spells                   Type           Power        Failure   Level  Hunger
 Confusing Touch          Hex            #.....       45%         1    ##.....
 Confuse                  Hex            #.......     83%         3    ####...
 Gell's Gravitas          Tloc           #.........   83%         3    ####...
 Petrify                  Tmut/Erth      #.......     99%         4    #####..
 Metabolic Englaciation   Hex/Ice        #.........   100%        5    ######.
 Yara's Violent Unravell  Hex/Tmut       #.........   100%        5    ######.


Dungeon Overview and Level Annotations

Branches:
Dungeon (4/15)
 Temple: D:4-7

Altars:
Ashenzari
Trog

Shops:
D:4 =

Annotations:
D:2 1 runed translucent door, 2 exclusions, Crazy Yiuf, Terence
D:4 Dowan, Duvessa, Menkaure


Innate Abilities, Weirdness & Mutations

You have sharp fingernails.
Your flesh is heat resistant. (rF+)
You sometimes gain a little power by taking damage.
You are immune to clouds of flame.


Message History

Dowan blinks!
Dowan gestures wildly while chanting.
Dowan blinks!
You aren't carrying any potions.
Unknown command.
As you read the scroll labeled MOLO QYISIOJA, it crumbles to dust.
You feel aware of your surroundings.
It was a scroll of magic mapping.
Menkaure hits you!
* * * LOW HITPOINT WARNING * * *
Menkaure closely misses you.
As you read the scroll labeled QUFUTUOTOM, it crumbles to dust.
You hear a loud clanging noise!
It was a scroll of noise.
You hear a shout!
You hear an angry hiss.
You hear a shout!
Menkaure completely misses you. Menkaure misses you.
As you read the scroll labeled XAF WOPUIGHOKH, it crumbles to dust.
You feel strangely unstable.
It was a scroll of teleportation.
Menkaure closely misses you. Menkaure hits you!
You die...

#...##,...##............#
#....#.....#.>.....##..##
#....'.....'.......##..#*
#...##....##............#
#...##'#####............#
#....#....##..##........#
#....#....##'###...##..##
#....#........'....##..#*
#...##...@##..#.....',..#*
#...##...M.#..#.....#.,..,
#...(....#.#..##....#,.,**
#.<.....?._.'##*##'##,,,*
#.$.##...#.#..,,*,,.******
#...##.....#..,,,,8,,,***,
#...[..........,*,,,,,,,,,
#...............***,,,,>,,
#.....e,....,,...,***,,,,,


You could see Menkaure.

Vanquished Creatures
  Eustachio (D:4)
  Blork the orc (D:4)
  A scorpion (D:3)
  A howler monkey (D:4)
  An iguana (D:4)
  A worker ant (D:4)
  4 gnolls
  3 adders (D:3)
  2 oozes
  2 worms (D:3)
  A dart slug (D:1)
  A leopard gecko (D:1)
  6 orcs (D:3)
  5 giant cockroaches
  6 hobgoblins
  A quokka (D:4)
  4 bats
  3 frilled lizards
  9 goblins
  4 kobolds
  11 rats
68 creatures vanquished.

Notes
Turn   | Place    | Note
-------+----------+-------------------------------------------
     0 | D:1      | FishyPogo the Demonspawn Gladiator began the quest for the
                  | Orb.
     0 | D:1      | Reached XP level 1. HP: 16/16 MP: 1/1
    78 | D:1      | You fall into a shaft and drop 1 floor!
   291 | D:1      | Gained mutation: You have sharp fingernails. [demonic
                  | ancestry]
   291 | D:1      | Reached XP level 2. HP: 21/22 MP: 2/2
   303 | D:1      | Reached skill level 1 in Armour
   799 | D:1      | Gained mutation: Your flesh is heat resistant. (rF+)
                  | [demonic ancestry]
   799 | D:1      | Reached XP level 3. HP: 21/27 MP: 3/3
  1039 | D:2      | Noticed Terence
  1075 | D:2      | Reached skill level 3 in Short Blades
  1427 | D:2      | Gained mutation: You sometimes gain a little power by
                  | taking damage. [demonic ancestry]
  1427 | D:2      | Reached XP level 4. HP: 31/34 MP: 4/4
  1654 | D:2      | Found a runed translucent door.
  1655 | D:2      | Noticed Crazy Yiuf
  1941 | D:3      | Found a faded altar of an unknown god.
  1980 | D:3      | Became a worshipper of Trog the Wrathful
  1980 | D:3      | Reached * piety under Trog
  2409 | D:3      | Reached XP level 5. HP: 34/40 MP: 5/5
  2796 | D:3      | HP: 2/41 [poisoned by a scorpion]
  2838 | D:4      | Noticed Menkaure
  2840 | D:4      | Noticed Duvessa
  2891 | D:4      | Noticed an ogre
  3142 | D:4      | Reached ** piety under Trog
  3298 | D:4      | Found Musuq's Jewellery Shoppe.
  3341 | D:4      | Noticed Eustachio
  3387 | D:4      | Found a shattered altar of Ashenzari.
  3404 | D:4      | Killed Eustachio
  3404 | D:4      | Gained mutation: You are immune to clouds of flame.
                  | [demonic ancestry]
  3404 | D:4      | Reached XP level 6. HP: 40/47 MP: 6/6
  3447 | D:4      | Reached skill level 4 in Short Blades
  3468 | D:4      | Noticed Blork the orc
  3479 | D:4      | Noticed Dowan
  3486 | D:4      | Killed Blork the orc
  3503 | D:4      | Slain by Menkaure

Levels and vault maps discovered:
D:1:      wheals_arrival_linesprint, layout_basic
D:2:      layout_loops_ring, uniq_crazy_yiuf_cottage, uniq_terence
D:3:      layout_loops_ring, chequers_ecumenical_altar_island, minivault_11,
          serial_bayou_crossing
D:4:      layout_gridville, ashenzari_altar_1, serial_shops,
          nicolae_shop_statue_plus, first_ration, grunt_ministairs_13,
          uniq_menkaure, uniq_blork_the_orc, uniq_duvessa, uniq_eustachio

Skill      XL: |  1  2  3  4  5  6 |
---------------+-------------------+-----
Throwing       | 2 |  2.0
Armour         | 1 2 3 |  3.8
Short Blades   | 3 4 |  4.1
Dodging        | 3 |  3.8
Fighting       | 3 |  3.5

Action                   |  1- 3 |  4- 6 || total
-------------------------+-------+-------++-------
Melee: Rapier            |    55 |       ||    55
       Short sword       |    73 |   256 ||   329
Throw: Stone             |       |    22 ||    22
Invok: Berserk           |       |     4 ||     4
  Use: Potion            |     3 |     4 ||     7
       Scroll            |       |     8 ||     8
 Stab: Sleeping          |     2 |       ||     2
  Eat: Chunk             |     2 |     9 ||    11
Armor: Leather armour    |    16 |    18 ||    34
Dodge: Dodged            |    64 |   104 ||   168
